Description

-

Build Order

Get SALT Encoding   

  14  0:17  Supply Depot  
  15  0:29  Refinery  
  16  0:45  Barracks  
  17  1:01  Action  Rally SCV on to enemy base to scout
  19  1:31  Orbital Command, Reaper  
  20  1:45  Command Center  
  20  1:57  Factory  
  21  2:05  Barracks Reactor  
  21  2:12  Supply Depot  
  22  2:20  Refinery  @ 50% Factory
  24  2:48  Hellion x2  
  29  3:00  Orbital Command  
  29  3:01  Barracks Tech Lab  
  29  3:12  Cyclone x2  
  36  3:45  Cyclone x2  
  38  3:53  Supply Depot  
  39  3:58  Stimpack  
  48  4:25  Barracks x2  
  48  4:40  Cyclone x2  
  52  4:55  Engineering Bay  
  56  5:24  Cyclone  Stop at 6 or 7 Cyclones
  58  5:30  Terran Infantry Weapons Level 1  
  58  5:37  Factory Tech Lab  Rax(2) takes old Reactor, Rax(3) takes Techlab when finished
  58  5:38  Starport  
  60  5:40  Refinery  
  60  5:50  Command Center  
  64  6:00  Concussive Shells  Start Marauders
  64  6:01  Refinery  
  70  6:06  Factory Tech Lab  
  70  6:16  Starport Reactor  
  74  6:21  Combat Shields  
  76  6:30  Barracks x2  
  99  7:11  Orbital Command  
  103  7:30  Barracks Tech Lab x2  
  100  7:15  Terran Infantry Armor Level 1  
  111  7:48  Refinery x2  
  112  8:30  Engineering Bay  
  112  8:32  Armory  
Spawning Tool Build Advisor. Get it on Overwolf

Analysis

-

Go to:

Details

  • Created by: Nidus
  • Published on: Jul 21, 2018
  • Modified on: Jul 21, 2018
  • Patch: 4.0.0
Show
View Real Time Build Order
Export as new Build Order

Comments (0)

There are no comments. Be the first!

Create an account to comment!